%YAML 1.1
%TAG !u! tag:unity3d.com,2011:
--- !u!1 &2608056046450268806
GameObject:
  m_ObjectHideFlags: 0
  m_CorrespondingSourceObject: {fileID: 0}
  m_PrefabInstance: {fileID: 0}
  m_PrefabAsset: {fileID: 0}
  serializedVersion: 6
  m_Component:
  - component: {fileID: 5401447472647243287}
  - component: {fileID: 1613934656}
  m_Layer: 8
  m_Name: Barriers
  m_TagString: Concrete
  m_Icon: {fileID: 0}
  m_NavMeshLayer: 0
  m_StaticEditorFlags: 0
  m_IsActive: 1
--- !u!4 &5401447472647243287
Transform:
  m_ObjectHideFlags: 0
  m_CorrespondingSourceObject: {fileID: 0}
  m_PrefabInstance: {fileID: 0}
  m_PrefabAsset: {fileID: 0}
  m_GameObject: {fileID: 2608056046450268806}
  m_LocalRotation: {x: 0, y: -0.4271764, z: 0, w: 0.90416837}
  m_LocalPosition: {x: -0.09, y: 0.74, z: -15.484043}
  m_LocalScale: {x: 1, y: 1, z: 1}
  m_ConstrainProportionsScale: 0
  m_Children:
  - {fileID: 2089078704489528838}
  - {fileID: 6542168437418194487}
  - {fileID: 2946619795029684477}
  - {fileID: 391995022038467980}
  - {fileID: 4002548233725303747}
  - {fileID: 8432042690440883409}
  m_Father: {fileID: 0}
  m_RootOrder: 0
  m_LocalEulerAnglesHint: {x: 0, y: -50.577, z: 0}
--- !u!114 &1613934656
MonoBehaviour:
  m_ObjectHideFlags: 0
  m_CorrespondingSourceObject: {fileID: 0}
  m_PrefabInstance: {fileID: 0}
  m_PrefabAsset: {fileID: 0}
  m_GameObject: {fileID: 2608056046450268806}
  m_Enabled: 1
  m_EditorHideFlags: 0
  m_Script: {fileID: 11500000, guid: 1e3fdca004f2d45fe8abbed571a8abd5, type: 3}
  m_Name: 
  m_EditorClassIdentifier: 
  m_OverrideArea: 1
  m_Area: 1
  m_IgnoreFromBuild: 0
  m_AffectedAgents: f2652fae
--- !u!1001 &1061996417467728693
PrefabInstance:
  m_ObjectHideFlags: 0
  serializedVersion: 2
  m_Modification:
    m_TransformParent: {fileID: 5401447472647243287}
    m_Modifications:
    - target: {fileID: 6086205419627459842, guid: fc237ee2e9271fd4786c53ccd1e42a9b,
        type: 3}
      propertyPath: m_RootOrder
      value: 1
      objectReference: {fileID: 0}
    - target: {fileID: 6086205419627459842, guid: fc237ee2e9271fd4786c53ccd1e42a9b,
        type: 3}
      propertyPath: m_LocalScale.y
      value: 200.01001
      objectReference: {fileID: 0}
    - target: {fileID: 6086205419627459842, guid: fc237ee2e9271fd4786c53ccd1e42a9b,
        type: 3}
      propertyPath: m_LocalPosition.x
      value: 12.320858
      objectReference: {fileID: 0}
    - target: {fileID: 6086205419627459842, guid: fc237ee2e9271fd4786c53ccd1e42a9b,
        type: 3}
      propertyPath: m_LocalPosition.y
      value: 0
      objectReference: {fileID: 0}
    - target: {fileID: 6086205419627459842, guid: fc237ee2e9271fd4786c53ccd1e42a9b,
        type: 3}
      propertyPath: m_LocalPosition.z
      value: 10.308934
      objectReference: {fileID: 0}
    - target: {fileID: 6086205419627459842, guid: fc237ee2e9271fd4786c53ccd1e42a9b,
        type: 3}
      propertyPath: m_LocalRotation.w
      value: 0.63429517
      objectReference: {fileID: 0}
    - target: {fileID: 6086205419627459842, guid: fc237ee2e9271fd4786c53ccd1e42a9b,
        type: 3}
      propertyPath: m_LocalRotation.x
      value: -0.6342952
      objectReference: {fileID: 0}
    - target: {fileID: 6086205419627459842, guid: fc237ee2e9271fd4786c53ccd1e42a9b,
        type: 3}
      propertyPath: m_LocalRotation.y
      value: 0.31252146
      objectReference: {fileID: 0}
    - target: {fileID: 6086205419627459842, guid: fc237ee2e9271fd4786c53ccd1e42a9b,
        type: 3}
      propertyPath: m_LocalRotation.z
      value: 0.3125214
      objectReference: {fileID: 0}
    - target: {fileID: 6086205419627459842, guid: fc237ee2e9271fd4786c53ccd1e42a9b,
        type: 3}
      propertyPath: m_LocalEulerAnglesHint.x
      value: -90
      objectReference: {fileID: 0}
    - target: {fileID: 6086205419627459842, guid: fc237ee2e9271fd4786c53ccd1e42a9b,
        type: 3}
      propertyPath: m_LocalEulerAnglesHint.y
      value: 0
      objectReference: {fileID: 0}
    - target: {fileID: 6086205419627459842, guid: fc237ee2e9271fd4786c53ccd1e42a9b,
        type: 3}
      propertyPath: m_LocalEulerAnglesHint.z
      value: 52.46
      objectReference: {fileID: 0}
    - target: {fileID: 6862741711182098360, guid: fc237ee2e9271fd4786c53ccd1e42a9b,
        type: 3}
      propertyPath: m_Name
      value: untitled (2)
      objectReference: {fileID: 0}
    - target: {fileID: 6862741711182098360, guid: fc237ee2e9271fd4786c53ccd1e42a9b,
        type: 3}
      propertyPath: m_Layer
      value: 8
      objectReference: {fileID: 0}
    m_RemovedComponents: []
  m_SourcePrefab: {fileID: 100100000, guid: fc237ee2e9271fd4786c53ccd1e42a9b, type: 3}
--- !u!4 &6542168437418194487 stripped
Transform:
  m_CorrespondingSourceObject: {fileID: 6086205419627459842, guid: fc237ee2e9271fd4786c53ccd1e42a9b,
    type: 3}
  m_PrefabInstance: {fileID: 1061996417467728693}
  m_PrefabAsset: {fileID: 0}
--- !u!1001 &2410034602264222163
PrefabInstance:
  m_ObjectHideFlags: 0
  serializedVersion: 2
  m_Modification:
    m_TransformParent: {fileID: 5401447472647243287}
    m_Modifications:
    - target: {fileID: 6086205419627459842, guid: fc237ee2e9271fd4786c53ccd1e42a9b,
        type: 3}
      propertyPath: m_RootOrder
      value: 5
      objectReference: {fileID: 0}
    - target: {fileID: 6086205419627459842, guid: fc237ee2e9271fd4786c53ccd1e42a9b,
        type: 3}
      propertyPath: m_LocalScale.y
      value: 200.01001
      objectReference: {fileID: 0}
    - target: {fileID: 6086205419627459842, guid: fc237ee2e9271fd4786c53ccd1e42a9b,
        type: 3}
      propertyPath: m_LocalPosition.x
      value: 0.0056605865
      objectReference: {fileID: 0}
    - target: {fileID: 6086205419627459842, guid: fc237ee2e9271fd4786c53ccd1e42a9b,
        type: 3}
      propertyPath: m_LocalPosition.y
      value: 0
      objectReference: {fileID: 0}
    - target: {fileID: 6086205419627459842, guid: fc237ee2e9271fd4786c53ccd1e42a9b,
        type: 3}
      propertyPath: m_LocalPosition.z
      value: -0.0097768
      objectReference: {fileID: 0}
    - target: {fileID: 6086205419627459842, guid: fc237ee2e9271fd4786c53ccd1e42a9b,
        type: 3}
      propertyPath: m_LocalRotation.w
      value: 0.5799256
      objectReference: {fileID: 0}
    - target: {fileID: 6086205419627459842, guid: fc237ee2e9271fd4786c53ccd1e42a9b,
        type: 3}
      propertyPath: m_LocalRotation.x
      value: -0.5799256
      objectReference: {fileID: 0}
    - target: {fileID: 6086205419627459842, guid: fc237ee2e9271fd4786c53ccd1e42a9b,
        type: 3}
      propertyPath: m_LocalRotation.y
      value: 0.40458158
      objectReference: {fileID: 0}
    - target: {fileID: 6086205419627459842, guid: fc237ee2e9271fd4786c53ccd1e42a9b,
        type: 3}
      propertyPath: m_LocalRotation.z
      value: 0.40458167
      objectReference: {fileID: 0}
    - target: {fileID: 6086205419627459842, guid: fc237ee2e9271fd4786c53ccd1e42a9b,
        type: 3}
      propertyPath: m_LocalEulerAnglesHint.x
      value: -90
      objectReference: {fileID: 0}
    - target: {fileID: 6086205419627459842, guid: fc237ee2e9271fd4786c53ccd1e42a9b,
        type: 3}
      propertyPath: m_LocalEulerAnglesHint.y
      value: 0
      objectReference: {fileID: 0}
    - target: {fileID: 6086205419627459842, guid: fc237ee2e9271fd4786c53ccd1e42a9b,
        type: 3}
      propertyPath: m_LocalEulerAnglesHint.z
      value: 69.803
      objectReference: {fileID: 0}
    - target: {fileID: 6862741711182098360, guid: fc237ee2e9271fd4786c53ccd1e42a9b,
        type: 3}
      propertyPath: m_Name
      value: untitled (6)
      objectReference: {fileID: 0}
    - target: {fileID: 6862741711182098360, guid: fc237ee2e9271fd4786c53ccd1e42a9b,
        type: 3}
      propertyPath: m_Layer
      value: 8
      objectReference: {fileID: 0}
    m_RemovedComponents: []
  m_SourcePrefab: {fileID: 100100000, guid: fc237ee2e9271fd4786c53ccd1e42a9b, type: 3}
--- !u!4 &8432042690440883409 stripped
Transform:
  m_CorrespondingSourceObject: {fileID: 6086205419627459842, guid: fc237ee2e9271fd4786c53ccd1e42a9b,
    type: 3}
  m_PrefabInstance: {fileID: 2410034602264222163}
  m_PrefabAsset: {fileID: 0}
--- !u!1001 &5227392284212710148
PrefabInstance:
  m_ObjectHideFlags: 0
  serializedVersion: 2
  m_Modification:
    m_TransformParent: {fileID: 5401447472647243287}
    m_Modifications:
    - target: {fileID: 4917270304141364845, guid: fc237ee2e9271fd4786c53ccd1e42a9b,
        type: 3}
      propertyPath: m_Materials.Array.data[0]
      value: 
      objectReference: {fileID: 2100000, guid: 4839620e19968104d852c8af90f464c0, type: 2}
    - target: {fileID: 6086205419627459842, guid: fc237ee2e9271fd4786c53ccd1e42a9b,
        type: 3}
      propertyPath: m_RootOrder
      value: 0
      objectReference: {fileID: 0}
    - target: {fileID: 6086205419627459842, guid: fc237ee2e9271fd4786c53ccd1e42a9b,
        type: 3}
      propertyPath: m_LocalScale.y
      value: 200.01001
      objectReference: {fileID: 0}
    - target: {fileID: 6086205419627459842, guid: fc237ee2e9271fd4786c53ccd1e42a9b,
        type: 3}
      propertyPath: m_LocalPosition.x
      value: 15.478475
      objectReference: {fileID: 0}
    - target: {fileID: 6086205419627459842, guid: fc237ee2e9271fd4786c53ccd1e42a9b,
        type: 3}
      propertyPath: m_LocalPosition.y
      value: -0.04000002
      objectReference: {fileID: 0}
    - target: {fileID: 6086205419627459842, guid: fc237ee2e9271fd4786c53ccd1e42a9b,
        type: 3}
      propertyPath: m_LocalPosition.z
      value: 12.951722
      objectReference: {fileID: 0}
    - target: {fileID: 6086205419627459842, guid: fc237ee2e9271fd4786c53ccd1e42a9b,
        type: 3}
      propertyPath: m_LocalRotation.w
      value: 0.6506658
      objectReference: {fileID: 0}
    - target: {fileID: 6086205419627459842, guid: fc237ee2e9271fd4786c53ccd1e42a9b,
        type: 3}
      propertyPath: m_LocalRotation.x
      value: -0.6506659
      objectReference: {fileID: 0}
    - target: {fileID: 6086205419627459842, guid: fc237ee2e9271fd4786c53ccd1e42a9b,
        type: 3}
      propertyPath: m_LocalRotation.y
      value: 0.27682856
      objectReference: {fileID: 0}
    - target: {fileID: 6086205419627459842, guid: fc237ee2e9271fd4786c53ccd1e42a9b,
        type: 3}
      propertyPath: m_LocalRotation.z
      value: 0.2768285
      objectReference: {fileID: 0}
    - target: {fileID: 6086205419627459842, guid: fc237ee2e9271fd4786c53ccd1e42a9b,
        type: 3}
      propertyPath: m_LocalEulerAnglesHint.x
      value: -90
      objectReference: {fileID: 0}
    - target: {fileID: 6086205419627459842, guid: fc237ee2e9271fd4786c53ccd1e42a9b,
        type: 3}
      propertyPath: m_LocalEulerAnglesHint.y
      value: 0
      objectReference: {fileID: 0}
    - target: {fileID: 6086205419627459842, guid: fc237ee2e9271fd4786c53ccd1e42a9b,
        type: 3}
      propertyPath: m_LocalEulerAnglesHint.z
      value: 46.095
      objectReference: {fileID: 0}
    - target: {fileID: 6862741711182098360, guid: fc237ee2e9271fd4786c53ccd1e42a9b,
        type: 3}
      propertyPath: m_Name
      value: untitled (1)
      objectReference: {fileID: 0}
    - target: {fileID: 6862741711182098360, guid: fc237ee2e9271fd4786c53ccd1e42a9b,
        type: 3}
      propertyPath: m_Layer
      value: 8
      objectReference: {fileID: 0}
    m_RemovedComponents: []
  m_SourcePrefab: {fileID: 100100000, guid: fc237ee2e9271fd4786c53ccd1e42a9b, type: 3}
--- !u!4 &2089078704489528838 stripped
Transform:
  m_CorrespondingSourceObject: {fileID: 6086205419627459842, guid: fc237ee2e9271fd4786c53ccd1e42a9b,
    type: 3}
  m_PrefabInstance: {fileID: 5227392284212710148}
  m_PrefabAsset: {fileID: 0}
--- !u!1001 &5838405575404204174
PrefabInstance:
  m_ObjectHideFlags: 0
  serializedVersion: 2
  m_Modification:
    m_TransformParent: {fileID: 5401447472647243287}
    m_Modifications:
    - target: {fileID: 6086205419627459842, guid: fc237ee2e9271fd4786c53ccd1e42a9b,
        type: 3}
      propertyPath: m_RootOrder
      value: 3
      objectReference: {fileID: 0}
    - target: {fileID: 6086205419627459842, guid: fc237ee2e9271fd4786c53ccd1e42a9b,
        type: 3}
      propertyPath: m_LocalScale.y
      value: 200.01001
      objectReference: {fileID: 0}
    - target: {fileID: 6086205419627459842, guid: fc237ee2e9271fd4786c53ccd1e42a9b,
        type: 3}
      propertyPath: m_LocalPosition.x
      value: 6.1247835
      objectReference: {fileID: 0}
    - target: {fileID: 6086205419627459842, guid: fc237ee2e9271fd4786c53ccd1e42a9b,
        type: 3}
      propertyPath: m_LocalPosition.y
      value: 0
      objectReference: {fileID: 0}
    - target: {fileID: 6086205419627459842, guid: fc237ee2e9271fd4786c53ccd1e42a9b,
        type: 3}
      propertyPath: m_LocalPosition.z
      value: 5.1123843
      objectReference: {fileID: 0}
    - target: {fileID: 6086205419627459842, guid: fc237ee2e9271fd4786c53ccd1e42a9b,
        type: 3}
      propertyPath: m_LocalRotation.w
      value: 0.59385973
      objectReference: {fileID: 0}
    - target: {fileID: 6086205419627459842, guid: fc237ee2e9271fd4786c53ccd1e42a9b,
        type: 3}
      propertyPath: m_LocalRotation.x
      value: -0.59386003
      objectReference: {fileID: 0}
    - target: {fileID: 6086205419627459842, guid: fc237ee2e9271fd4786c53ccd1e42a9b,
        type: 3}
      propertyPath: m_LocalRotation.y
      value: 0.3838365
      objectReference: {fileID: 0}
    - target: {fileID: 6086205419627459842, guid: fc237ee2e9271fd4786c53ccd1e42a9b,
        type: 3}
      propertyPath: m_LocalRotation.z
      value: 0.3838365
      objectReference: {fileID: 0}
    - target: {fileID: 6086205419627459842, guid: fc237ee2e9271fd4786c53ccd1e42a9b,
        type: 3}
      propertyPath: m_LocalEulerAnglesHint.x
      value: -90
      objectReference: {fileID: 0}
    - target: {fileID: 6086205419627459842, guid: fc237ee2e9271fd4786c53ccd1e42a9b,
        type: 3}
      propertyPath: m_LocalEulerAnglesHint.y
      value: 0
      objectReference: {fileID: 0}
    - target: {fileID: 6086205419627459842, guid: fc237ee2e9271fd4786c53ccd1e42a9b,
        type: 3}
      propertyPath: m_LocalEulerAnglesHint.z
      value: 65.753
      objectReference: {fileID: 0}
    - target: {fileID: 6862741711182098360, guid: fc237ee2e9271fd4786c53ccd1e42a9b,
        type: 3}
      propertyPath: m_Name
      value: untitled (4)
      objectReference: {fileID: 0}
    - target: {fileID: 6862741711182098360, guid: fc237ee2e9271fd4786c53ccd1e42a9b,
        type: 3}
      propertyPath: m_Layer
      value: 8
      objectReference: {fileID: 0}
    m_RemovedComponents: []
  m_SourcePrefab: {fileID: 100100000, guid: fc237ee2e9271fd4786c53ccd1e42a9b, type: 3}
--- !u!4 &391995022038467980 stripped
Transform:
  m_CorrespondingSourceObject: {fileID: 6086205419627459842, guid: fc237ee2e9271fd4786c53ccd1e42a9b,
    type: 3}
  m_PrefabInstance: {fileID: 5838405575404204174}
  m_PrefabAsset: {fileID: 0}
--- !u!1001 &7205024916090121921
PrefabInstance:
  m_ObjectHideFlags: 0
  serializedVersion: 2
  m_Modification:
    m_TransformParent: {fileID: 5401447472647243287}
    m_Modifications:
    - target: {fileID: 6086205419627459842, guid: fc237ee2e9271fd4786c53ccd1e42a9b,
        type: 3}
      propertyPath: m_RootOrder
      value: 4
      objectReference: {fileID: 0}
    - target: {fileID: 6086205419627459842, guid: fc237ee2e9271fd4786c53ccd1e42a9b,
        type: 3}
      propertyPath: m_LocalScale.y
      value: 200.01001
      objectReference: {fileID: 0}
    - target: {fileID: 6086205419627459842, guid: fc237ee2e9271fd4786c53ccd1e42a9b,
        type: 3}
      propertyPath: m_LocalPosition.x
      value: 3.007155
      objectReference: {fileID: 0}
    - target: {fileID: 6086205419627459842, guid: fc237ee2e9271fd4786c53ccd1e42a9b,
        type: 3}
      propertyPath: m_LocalPosition.y
      value: 0
      objectReference: {fileID: 0}
    - target: {fileID: 6086205419627459842, guid: fc237ee2e9271fd4786c53ccd1e42a9b,
        type: 3}
      propertyPath: m_LocalPosition.z
      value: 2.5230045
      objectReference: {fileID: 0}
    - target: {fileID: 6086205419627459842, guid: fc237ee2e9271fd4786c53ccd1e42a9b,
        type: 3}
      propertyPath: m_LocalRotation.w
      value: 0.65813875
      objectReference: {fileID: 0}
    - target: {fileID: 6086205419627459842, guid: fc237ee2e9271fd4786c53ccd1e42a9b,
        type: 3}
      propertyPath: m_LocalRotation.x
      value: -0.658139
      objectReference: {fileID: 0}
    - target: {fileID: 6086205419627459842, guid: fc237ee2e9271fd4786c53ccd1e42a9b,
        type: 3}
      propertyPath: m_LocalRotation.y
      value: 0.25856006
      objectReference: {fileID: 0}
    - target: {fileID: 6086205419627459842, guid: fc237ee2e9271fd4786c53ccd1e42a9b,
        type: 3}
      propertyPath: m_LocalRotation.z
      value: 0.25856003
      objectReference: {fileID: 0}
    - target: {fileID: 6086205419627459842, guid: fc237ee2e9271fd4786c53ccd1e42a9b,
        type: 3}
      propertyPath: m_LocalEulerAnglesHint.x
      value: -90
      objectReference: {fileID: 0}
    - target: {fileID: 6086205419627459842, guid: fc237ee2e9271fd4786c53ccd1e42a9b,
        type: 3}
      propertyPath: m_LocalEulerAnglesHint.y
      value: 0
      objectReference: {fileID: 0}
    - target: {fileID: 6086205419627459842, guid: fc237ee2e9271fd4786c53ccd1e42a9b,
        type: 3}
      propertyPath: m_LocalEulerAnglesHint.z
      value: 42.896
      objectReference: {fileID: 0}
    - target: {fileID: 6862741711182098360, guid: fc237ee2e9271fd4786c53ccd1e42a9b,
        type: 3}
      propertyPath: m_Name
      value: untitled (5)
      objectReference: {fileID: 0}
    - target: {fileID: 6862741711182098360, guid: fc237ee2e9271fd4786c53ccd1e42a9b,
        type: 3}
      propertyPath: m_Layer
      value: 8
      objectReference: {fileID: 0}
    m_RemovedComponents: []
  m_SourcePrefab: {fileID: 100100000, guid: fc237ee2e9271fd4786c53ccd1e42a9b, type: 3}
--- !u!4 &4002548233725303747 stripped
Transform:
  m_CorrespondingSourceObject: {fileID: 6086205419627459842, guid: fc237ee2e9271fd4786c53ccd1e42a9b,
    type: 3}
  m_PrefabInstance: {fileID: 7205024916090121921}
  m_PrefabAsset: {fileID: 0}
--- !u!1001 &8976505847426532863
PrefabInstance:
  m_ObjectHideFlags: 0
  serializedVersion: 2
  m_Modification:
    m_TransformParent: {fileID: 5401447472647243287}
    m_Modifications:
    - target: {fileID: 6086205419627459842, guid: fc237ee2e9271fd4786c53ccd1e42a9b,
        type: 3}
      propertyPath: m_RootOrder
      value: 2
      objectReference: {fileID: 0}
    - target: {fileID: 6086205419627459842, guid: fc237ee2e9271fd4786c53ccd1e42a9b,
        type: 3}
      propertyPath: m_LocalScale.y
      value: 200.01001
      objectReference: {fileID: 0}
    - target: {fileID: 6086205419627459842, guid: fc237ee2e9271fd4786c53ccd1e42a9b,
        type: 3}
      propertyPath: m_LocalPosition.x
      value: 9.176428
      objectReference: {fileID: 0}
    - target: {fileID: 6086205419627459842, guid: fc237ee2e9271fd4786c53ccd1e42a9b,
        type: 3}
      propertyPath: m_LocalPosition.y
      value: 0
      objectReference: {fileID: 0}
    - target: {fileID: 6086205419627459842, guid: fc237ee2e9271fd4786c53ccd1e42a9b,
        type: 3}
      propertyPath: m_LocalPosition.z
      value: 7.6836853
      objectReference: {fileID: 0}
    - target: {fileID: 6086205419627459842, guid: fc237ee2e9271fd4786c53ccd1e42a9b,
        type: 3}
      propertyPath: m_LocalRotation.w
      value: 0.6619687
      objectReference: {fileID: 0}
    - target: {fileID: 6086205419627459842, guid: fc237ee2e9271fd4786c53ccd1e42a9b,
        type: 3}
      propertyPath: m_LocalRotation.x
      value: -0.6619686
      objectReference: {fileID: 0}
    - target: {fileID: 6086205419627459842, guid: fc237ee2e9271fd4786c53ccd1e42a9b,
        type: 3}
      propertyPath: m_LocalRotation.y
      value: 0.24859118
      objectReference: {fileID: 0}
    - target: {fileID: 6086205419627459842, guid: fc237ee2e9271fd4786c53ccd1e42a9b,
        type: 3}
      propertyPath: m_LocalRotation.z
      value: 0.24859099
      objectReference: {fileID: 0}
    - target: {fileID: 6086205419627459842, guid: fc237ee2e9271fd4786c53ccd1e42a9b,
        type: 3}
      propertyPath: m_LocalEulerAnglesHint.x
      value: -90
      objectReference: {fileID: 0}
    - target: {fileID: 6086205419627459842, guid: fc237ee2e9271fd4786c53ccd1e42a9b,
        type: 3}
      propertyPath: m_LocalEulerAnglesHint.y
      value: 0
      objectReference: {fileID: 0}
    - target: {fileID: 6086205419627459842, guid: fc237ee2e9271fd4786c53ccd1e42a9b,
        type: 3}
      propertyPath: m_LocalEulerAnglesHint.z
      value: 41.166
      objectReference: {fileID: 0}
    - target: {fileID: 6862741711182098360, guid: fc237ee2e9271fd4786c53ccd1e42a9b,
        type: 3}
      propertyPath: m_Name
      value: untitled (3)
      objectReference: {fileID: 0}
    - target: {fileID: 6862741711182098360, guid: fc237ee2e9271fd4786c53ccd1e42a9b,
        type: 3}
      propertyPath: m_Layer
      value: 8
      objectReference: {fileID: 0}
    m_RemovedComponents: []
  m_SourcePrefab: {fileID: 100100000, guid: fc237ee2e9271fd4786c53ccd1e42a9b, type: 3}
--- !u!4 &2946619795029684477 stripped
Transform:
  m_CorrespondingSourceObject: {fileID: 6086205419627459842, guid: fc237ee2e9271fd4786c53ccd1e42a9b,
    type: 3}
  m_PrefabInstance: {fileID: 8976505847426532863}
  m_PrefabAsset: {fileID: 0}
